 Dungeon Crawl Stone Soup version 0.25-a0-558-g78a2afb0af (webtiles) character file.

Game seed: 12714260422422438540, levelgen mode: deterministic

289 Flugslaktarn the Shield-Bearer (level 6, -8/49 HPs)
             Began as a Formicid Fighter on Feb 24, 2020.
             Killed by nerve-wracking pain
             ... invoked by Grinder
              (9 damage)
             ... on level 4 of the Dungeon.
             The game lasted 00:00:48 (860 turns).

Flugslaktarn the Shield-Bearer (Formicid Fighter)    Turns: 860, Time: 00:00:48

Health: -8/49      AC:  4    Str: 23    XL:     6   Next: 57%
Magic:  6/6        EV:  9    Int:  7    God:
Gold:   158        SH: 10    Dex: 10    Spells: 5/5 levels left

rFire    . . .     SeeInvis +   a - +0 war axe
rCold    . . .     Gourm    .   c - +0 kite shield
rNeg     . . .     Faith    .   m - +0 troll leather armour {Purgy}
rPois    .         Spirit   .   (helmet unavailable)
rElec    .         Reflect  .   (no cloak)
rCorr    .         Harm     .   (no gloves)
MR       .....                  (no boots)
Stlth    +.........             (no amulet)
HPRegen  0.56/turn              (no ring)
MPRegen  0.10/turn              (no ring)

@: no status effects
A: permanent stasis, dig shafts and tunnels, four strong arms, antennae 3
a: Dig, Shaft Self


You were on level 4 of the Dungeon.
You were not hungry.

You visited 1 branch of the dungeon, and saw 5 of its levels.

You collected 158 gold pieces.

Inventory:

Hand Weapons
 a - a +0 war axe (weapon)
Armour
 b - a +0 scale mail
 c - a +0 kite shield (worn)
 m - a +0 troll leather armour (worn) {Purgy}
   (You found it on level 4 of the Dungeon)
Jewellery
 h - an uncursed ring of stealth {unknown}
   (You found it on level 1 of the Dungeon)
Wands
 l - a wand of paralysis (2)
   (You found it on level 5 of the Dungeon)
Scrolls
 i - 2 scrolls of teleportation {unknown}
 k - a scroll of amnesia {unknown}
 n - a scroll of fog {unknown}
Potions
 d - 2 potions of might
 g - a potion of lignification {unknown}
 j - a potion of brilliance {unknown}
Comestibles
 e - 3 rations
 f - 5 chunks of flesh


   Skills:
 + Level 4.4 Fighting
 * Level 4.3 Axes
 + Level 4.4 Armour
 + Level 4.9 Shields


You had 5 spell levels left.
You didn't know any spells.
Your spell library was empty.

Dungeon Overview and Level Annotations

Branches:
Dungeon (5/15)
 Temple: D:4-7

Altars:

Annotations:
D:4 Grinder


Innate Abilities, Weirdness & Mutations

You cannot be hasted, slowed, berserked, paralysed or teleported.
You can dig through walls and to a lower floor.
Your four strong arms can wield two-handed weapons with a shield.
You have a pair of large antennae on your head. (SInv)


Message History

Grinder closely misses you. x2
You slash Grinder!
Grinder is almost dead.
Grinder hits you but does no damage.
You closely miss Grinder.
Grinder is severely wounded.
Grinder hits you!
* * * LOW HITPOINT WARNING * * *
You writhe in agony.
* * * LOW HITPOINT WARNING * * *
Your shield prevents you from hitting Grinder.
Grinder is severely wounded.
Grinder hits you.
* * * LOW HITPOINT WARNING * * *
Unknown command.
You hit Grinder.
Grinder is almost dead.
Grinder gestures at you. Pain shoots through your body!
You die...

#....####.# #.#.# ....
........#.###.#.###.. ..
..............#.... ...
........#.##..#..# ...?
#..).####.##..#÷.##.....
.###......##...)....# .
#.#######.###.#### . #.#
#.###.####### .#
#.##.@†......
#.##5.......#
.#.....###..# ........
.# #####.##.. #. ### ..
..


You could see Grinder.

Vanquished Creatures
  Purgy (D:4)
  A scorpion (D:4)
  An orc priest (D:4)
  A worker ant (D:5)
  4 adders
  A leopard gecko (D:4)
  15 orcs
  2 goblins
  3 hobgoblins
  3 jackals (D:2)
  3 frilled lizards
  15 rats
50 creatures vanquished.

Notes
Turn   | Place    | Note
-------+----------+-------------------------------------------
     0 | D:1      | Flugslaktarn the Formicid Fighter began the quest for the
                  | Orb.
     0 | D:1      | Reached XP level 1. HP: 18/18 MP: 1/1
    16 | D:1      | Reached XP level 2. HP: 24/24 MP: 2/2
    48 | D:1      | You fall into a shaft and drop 1 floor!
   159 | D:2      | Reached XP level 3. HP: 29/29 MP: 3/3
   266 | D:3      | Reached XP level 4. HP: 37/37 MP: 4/4
   518 | D:5      | Entered Level 5 of the Dungeon
   521 | D:5      | Reached XP level 5. HP: 40/42 MP: 5/5
   533 | D:4      | Noticed Purgy
   546 | D:4      | Killed Purgy
   546 | D:4      | Reached XP level 6. HP: 12/48 MP: 6/6
   845 | D:4      | Noticed Grinder
   859 | D:4      | HP: 1/49 [Grinder (4)]
   860 | D:4      | Killed from afar by Grinder

Levels and vault maps discovered:
D:1:      erik_arrival_orb_chamber, layout_loops_ring, minmay_tromino_mix6
D:2:      layout_rooms, grunt_temple_overflow_open, first_ration, uniq_natasha
D:3:      layout_loops_ring, st_stairs_12, makhleb_heckhound_becter,
          uniq_terence, uniq_sigmund
D:4:      layout_loops_cross, uniq_pikel, uniq_purgy, uniq_grinder
D:5:      layout_basic

Skill      XL: |  1  2  3  4  5 |
---------------+----------------+-----
Shields        | 4 |  4.9
Axes           | 3 4 |  4.3
Armour         | 4 |  4.4
Fighting       | 4 |  4.4

Action                   |  1- 3 |  4- 6 || total
-------------------------+-------+-------++-------
Melee: War axe           |    67 |    82 ||   149
 Stab: Sleeping          |       |     1 ||     1
Armor: Scale mail        |    30 |    19 ||    49
       Troll leather arm |       |    11 ||    11
Dodge: Dodged            |    19 |    32 ||    51
Block: Kite shield       |    34 |    39 ||    73

Table legend:
 A = Non-vault XP
 B = Vault XP
 C = Vault XP percentage of total XP
 D = Non-vault monster count
 E = Vault monster count
 F = Vault count percentage of total count
                 A         B        C        D         E       F
            +---------+---------+-------+---------+---------+-------
      Total |     263 |     150 |  36.3 |      37 |      13 |  26.0
            +---------+---------+-------+---------+---------+-------
        D:1 |       4 |      12 |  75.0 |       2 |      12 |  85.7
        D:2 |      28 |       0 |   0.0 |      10 |       0 |   0.0
        D:3 |      29 |       0 |   0.0 |       7 |       0 |   0.0
        D:4 |     169 |     138 |  45.0 |      17 |       1 |   5.6
        D:5 |      33 |       0 |   0.0 |       1 |       0 |   0.0
            +---------+---------+-------+---------+---------+-------
